 Dungeon Crawl Stone Soup version 0.17-a0-1636-g3119f2b (webtiles) character file.

112405 abixa the Executioner (level 16, 160/160 HPs)
             Began as a Minotaur Berserker on Aug 4, 2015.
             Was the Champion of Trog.
             Quit the game on level 2 of the Lair of Beasts on Aug 5, 2015.
             The game lasted 01:41:09 (26465 turns).

abixa the Executioner (Minotaur Berserker)         Turns: 26465, Time: 01:41:09

Health: 160/160    AC: 20    Str: 26    XL:     16   Next: 11%
Magic:  15/15      EV: 10    Int:  9    God:    Trog [******]
Gold:   3867       SH:  0    Dex: 16    Spells: 0 memorised, 15 levels left

rFire  + + .     SeeInvis .     Q - +5 battleaxe of Infection {freeze, rF+ Str+3 Int+5}
rCold  . . .     Clarity  .     k - +1 chain mail {rPois}
rNeg   . . .     SustAt   .     (no shield)
rPois  +         Gourm    .     (helmet restricted)
rElec  .         Spirit   .     N - +2 cloak
rCorr  .         Warding  .     H - +0 pair of gloves
rMut   .         Stasis   .     (no boots)
MR     +....                    P - amulet of faith
Stlth  ..........               (no ring)
                                u - ring of protection from fire

@: somewhat resistant to hostile enchantments, extremely unstealthy
A: retaliatory headbutt, horns 2
a: Burn Spellbooks, Berserk, Trog's Hand, Brothers in Arms, Renounce Religion


You were on level 2 of the Lair of Beasts.
You worshipped Trog.
Trog was exalted by your worship.
You were hungry.

You visited 4 branches of the dungeon, and saw 28 of its levels.
You also visited: Ice Cave.

You collected 3942 gold pieces.
You spent 75 gold pieces at shops.

Inventory:

Hand weapons
 a - a +7 executioner's axe of electrocution
 b - a +4 battleaxe of flaming
 D - a +0 blowgun
 M - a +0 arbalest
 Q - the +5 battleaxe of Infection (weapon) {freeze, rF+ Str+3 Int+5}
   (Trog gifted it to you on level 4 of the Orcish Mines)

   It has been specially enchanted to freeze those struck by it, causing extra
   injury to most foes and up to half again as much damage against particularly
   susceptible opponents.
   It can also slow down cold-blooded creatures.
   It affects your strength (+3).
   It affects your intelligence (+5).
   It protects you from fire.
Missiles
 f - 85 poisoned needles
 m - 8 curare-tipped needles
 w - 16 bolts
 G - 7 needles of paralysis
 L - 10 bolts of frost
 S - a throwing net (quivered)
 T - 14 bolts of flame
 W - 8 poisoned bolts
Armour
 k - a +1 chain mail of poison resistance (worn)
 H - a +0 pair of gloves (worn)
 N - a +2 cloak (worn)
Jewellery
 g - a +6 ring of intelligence
 r - an uncursed ring of ice
 t - an uncursed ring of sustain attributes
 u - a ring of protection from fire (left hand)
 x - an uncursed amulet of resist mutation
 B - an uncursed ring of ice
 E - an uncursed ring of flight
 P - an amulet of faith (around neck)
 V - an uncursed ring of fire
Magical devices
 d - a wand of paralysis (18)
 h - a wand of fire (4)
 F - a wand of digging (5)
 J - a wand of fireball (8)
 Z - a wand of enslavement (12)
Scrolls
 c - a scroll of vulnerability
 j - 3 scrolls of fear
 l - 3 scrolls of noise
 o - 12 scrolls of remove curse
 p - 10 scrolls of teleportation
 q - a scroll of summoning
 s - 2 scrolls of magic mapping
 v - a scroll of silence
 A - a scroll of enchant armour
 K - 3 scrolls of blinking
 O - a scroll of acquirement {unknown}
 U - a scroll of recharging {unknown}
 Y - a scroll of fog
Potions
 i - 12 potions of curing
 C - a potion of magic {unknown}
 X - 2 potions of heal wounds
Miscellaneous
 y - a phial of floods
Comestibles
 n - 21 fruits
 z - 3 meat rations
 I - a slice of pizza
 R - a royal jelly


   Skills:
 - Level 19.2 Fighting
 - Level 21.0 Axes
 + Level 2.0 Crossbows
 - Level 16.2 Armour
 - Level 2.1 Dodging


You had 15 spell levels left.
You didn't know any spells.

Dungeon Overview and Level Annotations

Branches:
Dungeon (15/15)            Temple (1/1) D:4            Lair (8/8) D:10
  Swamp (0/4) Lair:3       Spider (0/4) Lair:6        Slime (0/6) Lair:6
    Orc (4/4) D:11            Elf (0/3) Orc:3        Vaults (0/5) D:13
 Depths (0/5) D:15

Altars:
Ashenzari
Cheibriados
Dithmenos
Elyvilon
Fedhas
Gozag
Kikubaaqudgha
Makhleb
Nemelex Xobeh
Okawaru
Qazlal
Ru
Sif Muna
Trog
Vehumet
Xom
Yredelemnul
Zin
The Shining One

Shops:
D:15 *   Orc:4 (!=(%

Portals:
Hell: Lair:8


Innate Abilities, Weirdness & Mutations

You reflexively headbutt those who attack you in melee.
You have a pair of horns on your head.


Message History

You climb upwards.
There is a stone staircase leading down here.
There is a staircase to the Lair here.
You climb downwards.
Welcome to the Lair of Beasts!
There is a staircase back to the Dungeon here.
There is a stone staircase leading down here.
You climb downwards.
There is a stone staircase leading up here.
Items here: !!!!!!!!!! """" %%%% (((( )) //////// : == ? }} Search for what [Enter for "."]? crossb Unknown command.
Unknown command.
Unknown command.
Unknown command.
Search for what [Enter for "crossb", or ? for help]?
Unknown command.
Unknown command.
Unknown command.
Unknown command.
Are you sure you want to abandon this character and quit the game? (Confirm with "yes".)

##.........P......#...
#..................#..
#.....................
#...................(.
##.....................
#............##.#####..
##P.......).....## ##.
##........>..#..## #..
#.#@/.....[.....###..
###...)....##.#.#....
###....####........
#..### #P........ #..#
#...[.#... #..#
#.....###. #..##
###.....#..
#...###..........
#................


There were no monsters in sight!

Vanquished Creatures
  Rupert (Lair:8)
  Agnes (D:14)
  Maud (Orc:3)
  Azrael (D:14)
  2 salamander stormcallers
  Snorg (Lair:4)
  A vault guard (D:13)
  13 hydras
  A hell beast (Lair:8)
  A yaktaur captain (D:15)
  Harold (D:10)
  Erolcha (D:10)
  Erica (D:11)
  2 centaur warriors
  3 tengu warriors
  The ghost of wvc the Spear-Bearer, an experienced CeFi of Okawaru (D:9)
  A fire crab (shapeshifter) (D:14)
  4 orc high priests (Orc:4)
  The ghost of CipHuK the Spear-Bearer, an experienced MfIE of Ashenzari (D:8)
  The ghost of Tux the Thaumaturge, a powerful SpAE of Vehumet (D:11)
  A fire crab (Lair:7)
  A wizard (Lair:8)
  3 unseen horrors
  A wolf spider zombie (D:14)
  3 ice statues (IceCv)
  4 hill giants
  3 griffons
  A lindwurm (Lair:4)
  5 orc knights
  2 cyclopes
  3 orc sorcerers (Orc:4)
  3 manticores
  11 ugly things
  4 black mambas
  16 elephants
  A centaur zombie (D:14)
  An eye of devastation (Lair:6)
  An orange demon (Lair:8)
  8 komodo dragons
  16 spiny frogs
  5 centaur skeletons
  8 fire drakes
  2 kobold demonologists
  2 gargoyles
  A hellwing (Lair:8)
  4 blue devils (Lair:8)
  5 red devils (Lair:8)
  A tengu conjurer (D:13)
  Grinder (D:3)
  3 polar bears
  7 trolls
  8 slime creatures
  A boulder beetle (D:15)
  18 blink frogs
  Sigmund (D:2)
  2 fire elementals (D:14)
  A vampire (D:14)
  76 yaks
  3 deep elf magi
  A steam dragon (Lair:4)
  A basilisk (D:13)
  5 wyverns
  3 mottled dragons (Lair:4)
  13 hippogriffs
  3 vampire mosquitoes (D:12)
  2 hungry ghosts
  11 wargs
  Menkaure (D:5)
  12 wolves
  2 hell hounds (D:14)
  Edmund (D:6)
  A soldier ant (D:10)
  23 water moccasins
  Duvessa (D:5)
  6 black bears
  9 ice beasts
  28 orc warriors
  3 phantoms
  9 sky beasts
  9 centaurs
  12 porcupines
  10 ogres
  3 eyes of draining
  29 killer bees
  2 necrophages
  15 crocodiles
  Blork the orc (D:6)
  23 giant frogs
  A big kobold (D:8)
  4 scorpions
  13 wights
  Dowan (D:5)
  2 wyvern skeletons
  A water moccasin skeleton (D:8)
  5 hounds
  4 electric eels
  4 jellies
  6 crimson imps
  3 giant frog zombies
  24 orc priests
  12 iguanas
  3 giant frog skeletons
  26 orc wizards
  A quasit (D:9)
  8 worker ants
  15 sheep
  A hound zombie (D:9)
  11 gnolls
  10 adders
  51 river rats
  4 shadow imps
  12 white imps (Lair:2)
  An adder zombie (D:5)
  6 oozes
  179 orcs
  4 giant cockroaches
  6 hobgoblins
  11 jackals
  11 kobolds
  5 quokkas
  2 ball pythons
  5 bats
  10 giant geckos
  6 giant newts
  14 goblins
  A quokka skeleton (D:9)
  4 rats
  A butterfly (Lair:6)
  3 fungi
  14 plants
1020 creatures vanquished.

Vanquished Creatures (others)
  A fire elemental (D:14)
  A hippogriff (Lair:6)
  A killer bee (D:6)
  An iguana (Lair:6)
  An orc priest (Orc:4)
  A bush (Lair:5)
  A fire vortex (D:14)
  24 fungi
  8 plants
39 creatures vanquished.

Grand Total: 1059 creatures vanquished

Notes
Turn   | Place    | Note
--------------------------------------------------------------
     0 | D:1      | abixa the Minotaur Berserker began the quest for the Orb.
     0 | D:1      | Reached XP level 1. HP: 19/19 MP: 0/0
    67 | D:1      | Reached skill level 4 in Axes
   153 | D:1      | Reached XP level 2. HP: 16/26 MP: 1/1
   392 | D:1      | Acquired Trog's second power
   437 | D:1      | Reached skill level 5 in Axes
   497 | D:1      | HP: 1/26 [poisoned by a kobold]
  1049 | D:2      | Reached XP level 3. HP: 31/33 MP: 2/2
  1107 | D:2      | Noticed Sigmund
  1114 | D:2      | Killed Sigmund
  1114 | D:2      | Reached skill level 7 in Axes
  1114 | D:2      | Reached XP level 4. HP: 40/40 MP: 3/3
  1114 | D:2      | Reached XP level 5. HP: 46/46 MP: 4/4
  1791 | D:3      | Reached skill level 8 in Axes
  1917 | D:3      | Found a glowing golden altar of the Shining One.
  1935 | D:3      | Noticed Grinder
  1958 | D:3      | Killed Grinder
  1958 | D:3      | Reached XP level 6. HP: 20/52 MP: 5/5
  2397 | D:4      | Found an opulent altar of Gozag.
  2446 | D:4      | Found a staircase to the Ecumenical Temple.
  2452 | Temple   | Entered the Ecumenical Temple
  2702 | D:4      | Reached XP level 7. HP: 55/60 MP: 6/6
  2770 | D:4      | Reached skill level 9 in Axes
  2806 | D:4      | HP: 3/60 [gnoll/spear of freezing (1)]
  2811 | D:4      | HP: 2/60 [gnoll/spear of freezing (2)]
  3536 | D:5      | Entered Level 5 of the Dungeon
  3540 | D:5      | Found a shattered altar of Ashenzari.
  3546 | D:5      | Noticed Dowan
  3548 | D:5      | Noticed Duvessa
  3555 | D:5      | Killed Dowan
  3555 | D:5      | Killed Duvessa
  3561 | D:5      | Reached skill level 5 in Fighting
  3687 | D:5      | Noticed Menkaure
  3698 | D:5      | Killed Menkaure
  3847 | D:5      | Reached skill level 10 in Axes
  3847 | D:5      | Reached XP level 8. HP: 62/69 MP: 7/7
  4085 | D:5      | Reached skill level 5 in Armour
  4618 | D:6      | Noticed Edmund
  4629 | D:6      | Killed Edmund
  4753 | D:6      | Noticed Blork the orc
  4761 | D:6      | Killed Blork the orc
  4787 | D:6      | Acquired Trog's third power
  4804 | D:6      | Reached skill level 11 in Axes
  5604 | D:6      | Reached XP level 9. HP: 67/79 MP: 8/8
  5905 | D:7      | Noticed a purple ugly thing
  5958 | D:7      | Reached skill level 12 in Axes
  6198 | D:7      | Found a glowing silver altar of Zin.
  6205 | D:7      | Killed a purple ugly thing
  6782 | D:8      | Noticed CipHuK's ghost (experienced MfIE)
  6796 | D:8      | Killed CipHuK's ghost
  6796 | D:8      | Reached skill level 13 in Axes
  6796 | D:8      | Reached XP level 10. HP: 90/90 MP: 9/9
  7286 | D:8      | Found a sparkling altar of Nemelex Xobeh.
  7391 | D:9      | Reached skill level 14 in Axes
  7713 | D:9      | Noticed wvc's ghost (experienced CeFi)
  7725 | D:9      | Killed wvc's ghost
  7725 | D:9      | Reached skill level 10 in Fighting
  7725 | D:9      | Reached skill level 10 in Armour
  8142 | D:9      | Found a shadowy altar of Dithmenos.
  8366 | D:10     | Entered Level 10 of the Dungeon
  8384 | D:10     | Noticed a hill giant
  8394 | D:10     | Killed a hill giant
  8394 | D:10     | Reached XP level 11. HP: 76/101 MP: 10/10
  8502 | D:10     | Noticed Harold
  8518 | D:10     | Killed Harold
  8640 | D:10     | Found a staircase to the Lair.
  8686 | D:10     | Noticed Erolcha
  8696 | D:10     | Noticed a salamander stormcaller
  8728 | D:10     | Noticed a hill giant
  8745 | D:10     | Killed a hill giant
  9171 | D:10     | Killed a salamander stormcaller
  9298 | D:10     | Received a gift from Trog
  9341 | D:10     | Killed Erolcha
  9492 | D:10     | Found a sacrificial altar of Ru.
  9649 | Lair:1   | Entered Level 1 of the Lair of Beasts
  9910 | Lair:2   | Reached skill level 15 in Axes
 10028 | Lair:2   | Reached XP level 12. HP: 105/113 MP: 11/11
 10090 | Lair:2   | Reached skill level 16 in Axes
 10162 | Lair:2   | Found a frozen archway.
 10167 | Lair:2   | Noticed a six-headed hydra
 10178 | Lair:2   | Killed a two-headed hydra
 10235 | IceCv    | Entered an ice cave
 10339 | IceCv    | Got a shimmering short sword
 10397 | IceCv    | Reached skill level 17 in Axes
 11133 | Lair:3   | Noticed a four-headed hydra
 11139 | Lair:3   | Killed a two-headed hydra
 11158 | Lair:3   | Found a staircase to the Swamp.
 11242 | Lair:3   | Received a gift from Trog
 11723 | Lair:4   | Found a labyrinth entrance.
 11729 | Lair:4   | Reached skill level 18 in Axes
 11853 | Lair:4   | Noticed Snorg
 11878 | Lair:4   | Killed Snorg
 11998 | Lair:4   | Reached XP level 13. HP: 112/119 MP: 12/12
 12024 | Lair:4   | Reached skill level 19 in Axes
 12601 | Lair:4   | Received a gift from Trog
 14437 | D:11     | Received a gift from Trog
 14527 | D:11     | Found a staircase to the Orcish Mines.
 14556 | D:11     | Noticed Tux's ghost (powerful SpAE)
 14558 | D:11     | Killed Tux's ghost
 14611 | D:11     | Reached skill level 20 in Axes
 14823 | D:11     | Noticed Erica
 14830 | D:11     | Killed Erica
 15130 | Orc:1    | Entered Level 1 of the Orcish Mines
 15608 | Orc:1    | Received a gift from Trog
 16537 | Orc:4    | Entered Level 4 of the Orcish Mines
 16716 | Orc:4    | Received a gift from Trog
 16741 | Orc:4    | Found Naeciypn's Weapon Shoppe.
 16749 | Orc:4    | Reached XP level 14. HP: 116/129 MP: 13/13
 16811 | Orc:3    | Found a staircase to the Elven Halls.
 16896 | Orc:3    | Noticed Maud
 16909 | Orc:3    | Killed Maud
 17336 | Orc:4    | Received a gift from Trog
 17345 | Orc:4    | Got a faintly glowing battleaxe {god gift}
 17354 | Orc:4    | Identified the +5 battleaxe of Infection {freeze, rF+ Str+3 Int+5} (Trog gifted it to you on level 4 of the Orcish Mines)
 17963 | Orc:4    | Found Kopeid's Antique Weapon Emporium.
 17963 | Orc:4    | Found Dinaryjo's Food Shop.
 17965 | Orc:4    | Found Elexzont's Distillery.
 17965 | Orc:4    | Found Rys Margh's Jewellery Shop.
 17973 | Orc:4    | Bought a potion of heal wounds for 75 gold pieces
 18096 | Orc:4    | Got an ichor-stained triple sword {god gift}
 18549 | Lair:6   | Found a hole to the Spider Nest.
 18632 | Lair:6   | Found a staircase to the Slime Pits.
 18758 | Lair:6   | Reached skill level 21 in Axes
 19079 | Lair:6   | Received a gift from Trog
 19465 | Lair:7   | Reached skill level 15 in Fighting
 19794 | Lair:7   | Got a fine trident
 20156 | Lair:8   | Entered Level 8 of the Lair of Beasts
 20369 | Lair:8   | Received a gift from Trog
 20501 | Lair:8   | Reached XP level 15. HP: 118/146 MP: 14/14
 20643 | Lair:8   | Noticed Rupert
 20653 | Lair:8   | Killed Rupert
 20866 | Lair:8   | Found a burning altar of Makhleb.
 21237 | Lair:8   | Received a gift from Trog
 21385 | Lair:8   | Found a gateway to Hell.
 21903 | D:12     | Upgraded the game from 0.17-a0-1635-gd4e48f1 to 0.17-a0-1636-g3119f2b
 22487 | D:12     | Received a gift from Trog
 23103 | D:12     | Found a glowing golden altar of the Shining One.
 23340 | D:12     | Found a sacrificial altar of Ru.
 23587 | D:13     | Received a gift from Trog
 23965 | D:13     | Reached skill level 15 in Armour
 23984 | D:13     | Found a gate to the Vaults.
 24687 | D:14     | Noticed Agnes
 24694 | D:14     | Killed Agnes
 24737 | D:14     | Noticed Azrael
 24749 | D:14     | Killed Azrael
 25177 | D:14     | Received a gift from Trog
 25180 | D:14     | Got a transparent broad axe {god gift}
 25183 | D:14     | Identified the +8 broad axe "Xytumil" {flame, Int+2} (Trog gifted it to you on level 14 of the Dungeon)
 25470 | D:15     | Entered Level 15 of the Dungeon
 25475 | D:15     | Reached XP level 16. HP: 158/160 MP: 15/15
 25489 | D:15     | Found Nnode's Needful Niceties.
 25726 | D:15     | Found a staircase to the Depths.
 25820 | D:15     | Reached skill level 1 in Crossbows
 26465 | Lair:2   | Quit the game

Vault maps used:
D:1:      dpeg_arrival_houses_and_road
D:2:      minmay_misc_feat_chi, uniq_sigmund
D:3:      nicolae_tso_carved_into_rock, first_bread, minmay_misc_feat_pillars,
          uniq_grinder
D:4:      minmay_temple_entry_hall, grunt_gozag_statues
D:5:      ashenzari_altar_1, uniq_menkaure, uniq_duvessa
D:6:      uniq_edmund, uniq_blork_the_orc
D:7:      nicolae_overflow_crystal_walls, nicolae_sextant
D:8:      overflow_temple_1_default, hangedman_little_slice_of_home
D:9:      minmay_opposing_rooms, grunt_dithmenos_smoke
D:10:     wad_guarded_room, david_lair_shrubbed, basic_altar, uniq_harold,
          uniq_erolcha
D:11:     erik_orc_3, uniq_erica
D:12:     basic_altar, minivault_4, hangedman_abyss_or_decor_lesser_grid,
          grunt_ministairs_1, nicolae_ru_the_path_less_chosen
D:13:     david_vaults_5, minmay_lizard_king
D:14:     nicolae_benzene_ring, uniq_azrael, uniq_agnes
D:15:     grunt_enter_depths_snipers, serial_park_square2,
          minmay_curled_crystal, nicolae_alphabet_shops
Temple:   water_room_temple_a_12
Lair:2:   portal_ice_cave_entry_imps
Lair:3:   swamp_mist_pool, lemuel_old_faithful
Lair:4:   lab_entry_generic, guppyfry_lair_drakes, uniq_snorg
Lair:5:   boulder_quad_collide, columned_hall_lemuel, lemuel_fruit_tree
Lair:6:   spider_nest_entry_web_field, minmay_slime_entry_eyes,
          lemuel_fruit_fields, wad_woods_river_01
Lair:7:   beast_lair_carwin_6, infiniplex_staircase_pool
Lair:8:   evil_forest, uniq_rupert
Orc:1:    nicolae_orc_pool_cavern, mines5_lemuel
Orc:3:    uniq_maud
Orc:4:    grunt_orc_tribal_feast, serial_shops,
          nicolae_shop_temple_entry_statues_fountains
IceCv:    ice_cave_statue_garden_02

Action                   |  1- 3 |  4- 6 |  7- 9 | 10-12 | 13-15 | 16-18 || total
-------------------------+-------+-------+-------+-------+-------+-------++-------
Melee: Hand axe          |    61 |    85 |   260 |   291 |       |       ||   697
       Short sword       |     4 |       |       |       |       |       ||     4
       Battleaxe         |       |       |       |   285 |   774 |    55 ||  1114
       Executioner's axe |       |       |       |       |   438 |       ||   438
 Fire: Blowgun           |       |       |       |     5 |       |       ||     5
Invok: Berserk           |     2 |       |     8 |     6 |     4 |       ||    20
       Trog's Hand       |       |     1 |       |     1 |     1 |       ||     3
       Burn Spellbooks   |       |       |     1 |       |     7 |       ||     8
Evoke: Wand              |       |       |     2 |       |       |       ||     2
  Use: Scroll            |       |       |     8 |     6 |    12 |     2 ||    28
  Eat: Chunk             |     2 |     5 |    20 |    27 |    56 |     2 ||   112
       Fruit             |       |       |     1 |     1 |       |       ||     2
